 Dungeon Crawl Stone Soup version 0.25.1-2-g60ff931df9 (webtiles) character file.

Game seed: 2633984192645787103

106 solopath the Slasher (level 4, -2/33 HPs)
             Began as a Demonspawn Gladiator on Oct 28, 2020.
             Slain by an adder (4 damage)
             ... on level 3 of the Dungeon.
             The game lasted 00:02:04 (1922 turns).

solopath the Slasher (Demonspawn Gladiator)         Turns: 1922, Time: 00:02:05

Health: -2/33      AC:  5    Str: 14    XL:     4   Next: 55%
Magic:  4/4        EV: 12    Int: 10    God:
Gold:   99         SH:  0    Dex: 15    Spells: 3/3 levels left

rFire    . . .     SeeInvis .   a - +0 long sword
rCold    + . .     Gourm    .   (no shield)
rNeg     . . .     Faith    .   b - +0 leather armour
rPois    .         Spirit   .   c - +0 helmet
rElec    .         Reflect  .   (no cloak)
rCorr    .         Harm     .   (no gloves)
MR       .....                  (no boots)
Stlth    ++........             (no amulet)
HPRegen  0.11/turn              (no ring)
MPRegen  0.09/turn              (no ring)

@: lethally poisoned (-2 -> -3), flying
A: rugged brown scales 1, camouflage 1, cold resistance 1, high mp 1
a: no special abilities


You were on level 3 of the Dungeon.
You were not hungry.

You visited 1 branch of the dungeon, and saw 3 of its levels.

You collected 99 gold pieces.

Inventory:

Hand Weapons
 a - a +0 long sword (weapon)
Missiles
 d - 3 throwing nets (quivered)
Armour
 b - a +0 leather armour (worn)
 c - a +0 helmet (worn)
Scrolls
 h - 2 scrolls of identify {unknown}
 j - a scroll of random uselessness {unknown}
 k - a scroll of enchant weapon {unknown}
 m - a scroll of remove curse {unknown}
 n - a scroll of immolation {unknown}
Comestibles
 f - 6 rations
 g - a chunk of flesh


   Skills:
 - Level 2.0 Fighting
 + Level 4.9 Long Blades
 - Level 1.7 Throwing
 - Level 2.6 Dodging


You had 3 spell levels left.
You didn't know any spells.
Your spell library was empty.

Dungeon Overview and Level Annotations

Branches:
Dungeon (3/15)

Altars:

Annotations:
D:3 Natasha


Innate Abilities, Weirdness & Mutations

You are partially covered in rugged brown scales. (AC +1, +3% HP)
Your flesh is cold resistant. (rC+)
Your skin changes colour to match your surroundings (Stealth+).
You have an increased reservoir of magic. (+10% MP)


Message History

* * * LOW HITPOINT WARNING * * *
You feel sick.
Natasha mumbles some strange words.
The white imp disappears in a puff of smoke!
* * * LOW HITPOINT WARNING * * *
You feel sick. The adder bites you but does no damage.
The crimson imp blinks!
The crimson imp hits you but does no damage.
* * * LOW HITPOINT WARNING * * *
You feel sick.
The crimson imp shouts, "Give up, thou erky crook-pated frater!"
The adder bites you but does no damage.
* * * LOW HITPOINT WARNING * * *
You feel sick.
Natasha mewls in sadness.
The adder misses you.
You riposte.
You barely miss the adder.
The adder is moderately wounded.
There is a stone staircase leading up here.
* * * LOW HITPOINT WARNING * * *
You feel sick. The adder bites you.
You die...

######## #.#.##.##
#......#### #.#.##'##
#.........# #.#......
#.........# #.#......
#......)..# #.#...รท<.
#####..h......####........
+....h..5.................
#.......#S...#####+###....
###.#####@##.# ###.. #.#
#.##.# #.. ##########.#
#.##.. ### ......h...h#
#####.# ############ .


You could see Natasha, a crimson imp (summoned) and an adder.

Vanquished Creatures
  A hound (D:2)
  2 adders
  An ooze (D:1)
  3 dart slugs
  A leopard gecko (D:1)
  8 bats
  4 giant cockroaches (D:1)
  8 goblins
  5 hobgoblins
  3 kobolds
  A quokka (D:2)
  A ball python (D:3)
  4 frilled lizards
42 creatures vanquished.

Notes
Turn   | Place    | Note
-------+----------+-------------------------------------------
     0 | D:1      | solopath the Demonspawn Gladiator began the quest for the
                  | Orb.
     0 | D:1      | Reached XP level 1. HP: 16/16 MP: 1/1
    31 | D:1      | Reached skill level 3 in Long Blades
   158 | D:1      | You fall into a shaft and drop 1 floor!
   164 | D:2      | Gained mutation: You are partially covered in rugged brown
                  | scales. (AC +1, +3% HP) [demonic ancestry]
   164 | D:2      | Reached XP level 2. HP: 16/22 MP: 2/2
   521 | D:1      | Gained mutation: Your flesh is cold resistant. (rC+)
                  | [demonic ancestry]
   521 | D:1      | Reached XP level 3. HP: 27/27 MP: 3/3
   588 | D:1      | Reached skill level 4 in Long Blades
  1170 | D:2      | Reached XP level 4. HP: 20/33 MP: 4/4
  1874 | D:3      | Noticed Natasha
  1901 | D:3      | Gained mutation: Your skin changes colour to match your
                  | surroundings (Stealth+). [potion of mutation]
  1901 | D:3      | Gained mutation: You have an increased reservoir of magic.
                  | (+10% MP) [potion of mutation]
  1922 | D:3      | Slain by an adder

Illustrated notes

Levels and vault maps discovered:
D:1:      noname_arrival_rooms_in_the_neighbourhood, layout_basic,
          serial_forest, infiniplex_forest_zigzag_1,
          infiniplex_forest_lined_4_way, infiniplex_forest_corner_1,
          infiniplex_forest_straight_1, infiniplex_forest_clump_medium,
          infiniplex_forest_clump_cross, infiniplex_forest_end_3, minivault_23,
          corexii_leaking_fountain
D:2:      layout_rooms, first_ration, minmay_tromino_mix6
D:3:      layout_basic, nicolae_ashenzari_panopticon, minmay_increasing_density,
          uniq_natasha, uniq_robin

Skill      XL: |  1  2  3 |
---------------+----------+-----
Long Blades    | 3 4 |  4.9
Fighting       | |  2.0
Throwing       | |  1.7
Dodging        | |  2.6

Action                   |  1- 3 |  4- 6 || total
-------------------------+-------+-------++-------
Melee: Long sword        |    87 |    40 ||   127
  Use: Potion            |       |     3 ||     3
 Stab: Sleeping          |       |     1 ||     1
  Eat: Chunk             |       |     3 ||     3
Armor: Leather armour    |    40 |    20 ||    60
Dodge: Dodged            |    71 |    30 ||   101
       Rpst.: Long sword |    19 |    13 ||    32
